Map: Cyber Forest LE

Players

Balneuwes - Winner!

  • Race: Protoss Protoss
  • League: Platinum
  • Spawn Location: 11:00

Dekstes

  • Race: Zerg Zerg
  • League: Gold
  • Spawn Location: 5:00

VOD

Have the link to the VOD?

Description

Time

  • Played on: Jan. 24, 2019, 2:03 a.m.
  • Length: 17:45
Show
View Real Time Build Order
Export as new Build Order

Balneuwes Protoss - Winner!

Build Orders: 1 Gate Expand 

Get SALT Encoding   

  12  0:01  Probe  
  13  0:13  Probe  
  14  0:22  Pylon  
  14  0:25  Probe  
  15  0:38  Probe  
  16  0:42  Gateway  
  16  0:46  Probe  
  16  0:55  Probe  
  18  1:10  Probe  
  19  1:23  Probe  
  19  1:25  Assimilator  
  19  1:26  Zealot  
  19  1:34  Nexus  
  21  1:41  Pylon  
  21  1:56  Probe  
  22  2:09  Zealot  
  24  2:16  Pylon  
  24  2:28  Cybernetics Core  
  24  2:29  Gateway  
  24  2:32  Probe  
  25  2:40  Probe  
  25  2:43  Probe  
  25  2:49  Probe  
  25  2:51  Probe  
  27  2:55  Warp Gate  
  27  2:57  Assimilator  
  29  3:00  Probe  
  30  3:07  Shield Battery  
  30  3:08  Stalker  
  32  3:13  Probe  
  32  3:16  Pylon  
  33  3:25  Probe, Pylon  
  34  3:31  Stalker  
  36  3:37  Probe  
  37  3:42  Robotics Facility  
  37  3:45  Probe  
  37  3:46  Probe  
  38  3:54  Probe  
  39  3:59  Shield Battery  
  40  4:03  Probe  
  41  4:15  Probe  
  42  4:18  Gateway  
  42  4:20  Gateway  
  42  4:35  Nexus  
  42  4:40  Pylon  
  42  4:43  Pylon  
  42  4:45  Probe  
  42  4:49  Probe  
  44  4:58  Probe  
  45  5:01  Probe  
  45  5:02  Stalker x2  
  50  5:10  Probe  
  51  5:15  Probe, Robotics Bay  
  52  5:21  Assimilator  
  52  5:22  Probe  
  52  5:23  Assimilator  
  52  5:27  Probe, Sentry  
  52  5:28  Sentry, Stalker  
  58  5:29  Stalker  
  58  5:32  Probe  
  63  5:40  Probe x2  
  64  5:48  Probe  
  65  5:52  Probe  
  67  6:03  Pylon, Stalker x3  
  67  6:04  Probe  
  74  6:06  Pylon, Zealot  
  74  6:09  Pylon  
  74  6:10  Probe  
  76  6:16  Probe  
  78  6:18  Probe  
  79  6:28  Probe x2, Forge  
  79  6:30  Forge  
  81  6:34  Twilight Council  
  81  6:39  Probe  
  82  6:40  Probe x2  
  84  6:50  Colossus, Shield Battery  
  84  6:51  Probe, Shield Battery  
  84  6:52  Probe  
  84  6:54  Gateway x2  
  86  6:55  Stalker  
  86  6:56  Gateway  
  88  7:01  Protoss Shields Level 1  
  88  7:03  Protoss Ground Weapons Level 1  
  88  7:04  Charge  
  94  7:25  Photon Cannon  
  94  7:29  Probe x3  
  97  7:30  Photon Cannon  
  97  7:33  Photon Cannon, Immortal  
  97  7:35  Assimilator, Shield Battery  
  97  7:38  Assimilator  
  97  7:41  Probe  
  102  7:59  Photon Cannon  
  102  8:00  Photon Cannon  
  102  8:02  Pylon  
  102  8:04  Colossus  
  108  8:12  Robotics Facility  
  108  8:14  Robotics Facility  
  108  8:17  Templar Archives  
  108  8:23  Zealot  
  108  8:24  Zealot x2  
  108  8:25  Stalker, Zealot  
  118  8:48  Immortal  
  118  9:02  High Templar x5  
  132  9:14  Archon x2  
  132  9:15  Pylon  
  132  9:17  Pylon  
  132  9:20  Pylon  
  132  9:23  Pylon  
  132  9:25  Pylon  
  132  9:26  Pylon  
  132  9:28  Pylon  
  132  9:30  Pylon  
  132  9:32  Pylon  
  132  9:33  Immortal  
  132  9:37  High Templar x3  
  142  9:39  High Templar  
  142  9:42  Archon  
  142  9:44  Archon  
  144  9:57  Protoss Ground Weapons Level 2, Protoss Shields Level 2  
  144  9:58  Nexus  
  144  10:00  Blink  
  144  10:01  Photon Cannon  
  144  10:03  Photon Cannon  
  144  10:04  Gateway  
  144  10:06  Photon Cannon  
  144  10:07  Gateway  
  144  10:08  Shield Battery  
  144  10:09  Gateway, Shield Battery  
  144  10:12  Shield Battery  
  144  10:13  Gateway  
  144  10:22  Zealot x5  
  144  10:23  Zealot  
  156  10:29  Observer  
  156  10:30  Observer x2  
  159  10:36  Probe  
  159  10:37  Probe x2  
  162  10:49  Probe x3  
  165  10:51  Pylon  
  165  10:54  Pylon  
  165  10:55  High Templar x3  
  165  10:56  Shield Battery  
  171  10:58  High Templar  
  171  11:00  Archon  
  171  11:01  Probe x3  
  171  11:02  Archon  
  176  11:09  High Templar  
  178  11:13  Archon  
  178  11:18  Stalker x2  
  182  11:32  Zealot x4  
  190  11:46  High Templar x2  
  194  11:47  High Templar  
  194  11:52  High Templar  
  198  11:55  Archon  
  198  11:57  Archon  
  198  12:05  Assimilator  
  198  12:08  Protoss Shields Level 3  
  198  12:10  Assimilator  
  198  12:12  Protoss Ground Weapons Level 3  
  198  12:35  Nexus  
  168  13:23  High Templar  
  168  13:24  High Templar x5  
  168  13:27  Immortal  
  150  13:35  Archon x2  
  150  13:36  Archon  
  148  13:55  Assimilator x2, Pylon  
  148  13:58  Pylon x2  
  148  13:59  Pylon  
  148  14:20  Shield Battery  
  148  14:23  Shield Battery  
  148  14:26  Photon Cannon  
  148  14:28  Photon Cannon  
  148  14:31  Photon Cannon  
  148  14:37  Photon Cannon, Protoss Ground Armor Level 1  
  148  14:39  Photon Cannon  
  148  14:42  Stalker x4, Shield Battery  
  148  14:43  Stalker x3  
  162  14:47  Gateway  
  162  14:49  Gateway  
  162  14:51  Gateway  
  162  14:55  Gateway  
  162  14:58  Gateway  
  162  15:00  Gateway  
  162  15:02  Gateway  
  154  15:37  Stalker x6  
  154  15:38  Stalker  
  154  15:41  Stalker  
  170  16:06  Probe  
  171  16:13  High Templar  
  171  16:14  High Templar x7  
  171  16:15  High Templar x4  
  171  16:18  Probe, Archon x4  
  195  16:19  Archon  
  195  16:20  Archon  
  195  16:22  Zealot  
  195  16:23  Zealot  
  200  16:53  Gateway  
  200  16:54  Gateway  
  200  16:56  Gateway  
  200  16:58  Gateway  
  200  16:59  Gateway  
  200  17:03  Gateway  
  200  17:05  Gateway  
  200  17:07  Gateway  
  200  17:11  Gateway  
  200  17:27  Nexus  
  200  17:30  Pylon  
  200  17:33  Pylon  
  200  17:35  Pylon  
  176  17:39  High Templar x7, Pylon  
  176  17:40  High Templar x4  
  176  17:42  Pylon  
Show
View Real Time Build Order
Export as new Build Order

Dekstes Zerg 

Build Orders: Hatch First 

Get SALT Encoding   

  12  0:02  Drone  
  13  0:08  Drone  
  14  0:36  Hatchery  
  14  0:39  Drone  
  14  0:58  Spawning Pool  
  14  1:00  Drone  
  14  1:32  Overlord x2  
  14  1:46  Extractor  
  14  1:47  Drone  
  14  1:49  Extractor  
  13  2:00  Extractor  
  13  2:09  Drone  
  13  2:10  Drone  
  14  2:27  Drone x3  
  17  2:34  Queen  
  17  2:36  Queen  
  19  2:38  Drone x3  
  24  2:45  Drone  
  25  2:53  Roach Warren  
  24  2:59  Drone  
  24  3:02  Drone  
  26  3:08  Drone  
  26  3:09  Drone  
  28  3:21  Drone  
  28  3:22  Drone  
  28  3:24  Drone x2  
  32  3:33  Lair  
  32  3:37  Drone  
  32  3:39  Drone  
  34  3:57  Hatchery  
  34  3:59  Drone  
  34  4:00  Drone  
  34  4:02  Drone  
  36  4:07  Overlord  
  36  4:11  Overlord  
  36  4:20  Overlord  
  36  4:22  Overlord  
  36  4:33  Queen  
  36  4:34  Drone x2  
  36  4:35  Drone x2  
  42  4:49  Roach  
  42  4:50  Roach x4  
  52  4:53  Roach  
  54  5:02  Drone  
  54  5:03  Drone  
  56  5:14  Evolution Chamber  
  56  5:20  Spire  
  54  5:24  Drone  
  54  5:25  Evolution Chamber, Drone  
  54  5:26  Drone  
  54  5:27  Drone, Queen  
  59  5:42  Roach x4  
  73  5:43  Roach x3  
  74  5:57  Drone  
  74  5:59  Overlord x4  
  74  6:17  Ravager  
  74  6:18  Ravager x6  
  81  6:26  Extractor  
  81  6:28  Drone  
  81  6:29  Extractor, Drone x14  
  94  6:50  Zerg Missile Weapons Level 1  
  94  6:51  Zerg Ground Armor Level 1  
  94  6:57  Drone x3  
  94  6:58  Drone x2  
  94  6:59  Drone  
  100  7:05  Extractor  
  100  7:07  Extractor  
  98  7:19  Drone x3  
  98  7:22  Drone  
  102  7:23  Drone x2  
  102  7:25  Mutalisk  
  102  7:27  Overlord x2  
  102  7:28  Overlord x4  
  106  7:34  Overseer  
  106  7:38  Spore Crawler  
  106  7:39  Spore Crawler  
  106  7:41  Spore Crawler  
  103  7:53  Mutalisk  
  103  7:54  Mutalisk x3  
  103  7:56  Zergling x2  
  103  7:57  Zergling x12  
  118  7:59  Metabolic Boost  
  118  8:05  Evolution Chamber  
  118  8:10  Overseer  
  118  8:11  Pneumatized Carapace  
  117  8:40  Zerg Melee Weapons Level 1  
  117  8:44  Zerg Missile Weapons Level 2  
  117  8:45  Zerg Ground Armor Level 2  
  117  8:49  Infestation Pit  
  116  9:11  Drone x4  
  120  9:19  Roach  
  120  9:20  Roach x14  
  152  9:24  Roach x2  
  152  9:27  Overlord x3  
  154  9:34  Overseer  
  154  9:52  Ravager x3  
  158  9:53  Ravager x6  
  163  10:18  Hive  
  163  10:29  Mutalisk x4  
  163  10:33  Zergling x2  
  163  10:34  Zergling x8  
  176  11:14  Mutalisk  
  176  11:17  Overlord x3  
  176  11:18  Overlord x2  
  178  11:45  Mutalisk  
  178  11:46  Mutalisk x10  
  198  12:44  Baneling Nest  
  198  12:49  Zerg Melee Weapons Level 2  
  198  12:50  Zerg Missile Weapons Level 3  
  198  12:51  Zerg Ground Armor Level 3  
  115  13:23  Roach  
  115  13:24  Roach x7  
  115  13:25  Roach x13  
  86  13:53  Roach  
  86  13:54  Roach x6  
  98  14:29  Roach x4  
  98  14:30  Roach x5  
  116  14:32  Ravager  
  116  14:33  Ravager x10  
  116  14:37  Zergling x2  
  116  14:38  Zergling x2  
  129  14:58  Zergling x2, Hatchery  
  129  14:59  Zergling x12  
  135  15:02  Baneling  
  135  15:03  Baneling x3  
  135  15:06  Hatchery  
  106  15:21  Baneling x2  
  106  15:22  Baneling x12  
  89  15:39  Zergling x16  
  97  15:47  Zergling x12  
  103  16:01  Baneling  
  103  16:02  Baneling x15  
  103  16:09  Baneling x9  
  103  16:12  Baneling  
  103  16:14  Baneling  
  103  16:35  Baneling  
  103  16:44  Zergling x2  
  103  16:45  Zergling x28  
  118  16:55  Ravager  
  118  16:56  Ravager x2  
  118  16:59  Zergling x2  
  118  17:00  Zergling x4  
  124  17:24  Baneling x3  
  124  17:25  Baneling x4  
  124  17:29  Hatchery  
  93  17:38  Hatchery  
  93  17:43  Hatchery  
Tags
 
Add a new tag
Caveats
  • Supply blocks, unpowered buildings, or Contaminate may cause inaccurate times.
  • Supply counts are checked every 10 seconds.